 Dungeon Crawl Stone Soup version 0.30-a0-371-gad7725a93e (webtiles) character file.

Game seed: 3641588613976133154

436 gelatine the Firebug (level 6, -4/43 HPs)
             Began as a Demonspawn Fire Elementalist on Nov 20, 2022.
             Was an Initiate of Vehumet.
             Slain by a gnoll
             ... wielding a +0 flail
             ... led by a gnoll bouda
              (10 damage)
             ... on level 3 of the Dungeon.
             The game lasted 00:11:01 (4475 turns).

gelatine the Firebug (Demonspawn Fire Elementalist) Turns: 4475, Time: 00:11:03

Health: -4/43      AC:  3    Str:  8    XL:     6   Next: 68%
Magic:  1/11       EV: 12    Int: 18    God:    Vehumet [......]
Gold:   227        SH:  0    Dex: 14    Spells: 9/12 levels left

rFire   . . .      SeeInvis .    l - +3 hand axe
rCold   . . .      Faith    .    (no shield)
rNeg    . . .      Spirit   .    a - +0 robe
rPois   .          Reflect  .    (no helmet)
rElec   .          Harm     .    (no cloak)
rCorr   .          Rampage  .    (no gloves)
Will    .....                    (no boots)
Stlth   ++........               (no amulet)
HPRegen 0.27/turn                (no ring)
MPRegen 0.12/turn                (no ring)

@: no status effects
A: rugged brown scales 1, weakness stinger 2
a: Renounce Religion


You were on level 3 of the Dungeon.
You worshipped Vehumet.
Vehumet was noncommittal.
You visited 1 branch of the dungeon, and saw 4 of its levels.
You also visited: Sewer.

You collected 227 gold pieces.

Inventory:

Hand Weapons
 i - a +0 short sword
 l - a +3 hand axe (weapon)
Armour
 a - a +0 robe (worn)
Wands
 f - a wand of iceblast (4)
 o - a wand of polymorph (9)
Scrolls
 d - 2 scrolls of identify {unknown}
 g - a scroll of blinking {unknown}
 h - 2 scrolls of teleportation {unknown}
 k - a scroll of torment {unknown}
 m - 3 scrolls of enchant armour {unknown}
 n - a scroll of poison {unknown}
 q - a scroll of magic mapping {unknown}
Potions
 b - a potion of magic
 c - a potion of berserk rage
 e - a potion of lignification {unknown}
 j - 3 potions of curing {unknown}
 p - a potion of cancellation {unknown}
 r - a potion of haste {unknown}


   Skills:
 + Level 0.4 Fighting
 + Level 0.3 Short Blades
 + Level 0.3 Axes
 + Level 2.1 Dodging
 + Level 2.5 Stealth
 + Level 3.7 Spellcasting
 + Level 3.4 Conjurations
 + Level 4.4 Fire Magic


You had 9 spell levels left.
You knew the following spells:

 Your Spells              Type           Power      Damage    Failure   Level
a - Foxfire               Conj/Fire      68%        2x1d7     3%          1
b - Scorch                Fire           38%        2d6       3%          2

Your spell library contained the following spells:

 Spells                   Type           Power      Damage    Failure   Level
 Inner Flame              Hex/Fire       11%        N/A       19%         3
 Cigotuvi's Dreadful Rot  Necr/Pois/Air  6%         N/A       22%         2
 Sublimation of Blood     Necr           3%         N/A       22%         2
 Wereblood                Tmut           3%         N/A       22%         2
 Kindle Blastsparks       Fire/Tloc/Air  16%        2d11      24%         3
 Flame Wave               Conj/Fire      17%        2d7       30%         4
 Dispel Undead            Necr           3%         3d7       83%         4
 Death Channel            Necr           1%         N/A       100%        6
 Summon Hydra             Summ           1%         N/A       100%        7


Dungeon Overview and Level Annotations

Branches:
Dungeon (4/15)              Sewer (visited)
 Temple: D:4-7

Altars:
Hepliaklqana
Vehumet


Innate Abilities, Weirdness & Mutations

You are partially covered in rugged brown scales. (AC +1, +3% HP)
You have a tail ending in a sharp stinger.


Message History

The gnoll bouda is severely wounded.
The foxfire hits the gnoll bouda but does no damage.
The gnoll bouda is severely wounded.
The foxfire hits the gnoll bouda.
The gnoll bouda is severely wounded.
The foxfire hits the gnoll bouda.
The gnoll bouda is severely wounded.
Casting: Foxfire (safe; 3% risk of failure)
Confirm with . or Enter, or press ? or * to list all spells.
You conjure some foxfire!
Your attacks no longer feel as feeble.
You hit the gnoll bouda.
The gnoll bouda is almost dead.
The gnoll is no longer moving quickly.
The foxfire hits the gnoll bouda but does no damage.
The gnoll bouda is almost dead.
The foxfire hits the gnoll bouda.
You kill the gnoll bouda!
Vehumet accepts your kill.
You hit the gnoll. You tail-slap the gnoll.
The gnoll is moderately wounded.
The gnoll hits you with a +0 flail.
The gnoll is no longer moving quickly.
The gnoll barely misses you.
The gnoll hits you from afar with a +0 spear.
You climb upwards.
There is a stone staircase leading down here.
You closely miss the gnoll. You hit the gnoll.
The gnoll hits you with a +0 flail! x2; The gnoll barely misses you.
You hit the gnoll but do no damage. You hit the gnoll.
The gnoll hits you with a +0 flail.
* * * LOW HITPOINT WARNING * * *
The gnoll closely misses you. The gnoll hits you with a +0 flail.
* * * LOW HITPOINT WARNING * * *
You closely miss the gnoll.
Your tail-slap misses the gnoll.
The gnoll is heavily wounded.
You barely miss the gnoll.
The gnoll is no longer moving quickly.
The gnoll hits you with a +0 flail.
* * * LOW HITPOINT WARNING * * *
The gnoll hits you with a +0 flail!
You die...

#.#..#.##....# #.........<..
#.#..#.##....####...........#
#.#.......................... ###
#.#.##.##....####...........# ..#
#.#....##....# ###########..
..###.#######....##############.#
...##...........................#
#....############################
##.............g@g...............
.###....####.###.################
#.##....## #.###.#######
..####...###.##........###
.##........#.##..........#
###........#.##.........#######
.##........#.##.........#.....#
..#..........##.........#.###.#
#.#..........##...(.....#.# #)#


You could see 2 gnolls.

Vanquished Creatures
  A scorpion (D:3)
  A hound (D:4)
  2 orc priests (D:3)
  A gnoll bouda (D:4)
  Terence (D:2)
  An iguana (D:4)
  A hell rat (Sewer)
  3 adders
  5 gnolls (D:4)
  2 river rats (Sewer)
  An ufetubus (D:4)
  2 worms
  3 dart slugs
  3 orcs (D:3)
  9 endoplasms
  2 giant cockroaches
  4 goblins
  5 hobgoblins
  6 kobolds
  5 quokkas
  9 ball pythons
  3 bats (D:1)
  3 frilled lizards
  12 rats
85 creatures vanquished.

Vanquished Creatures (collateral kills)
  6 foxfires (D:2)
6 creatures vanquished.

Vanquished Creatures (others)
  323 foxfires
  2 fungi (D:2)
  5 toadstools (D:2)
330 creatures vanquished.

Grand Total: 421 creatures vanquished

Notes
Turn   | Place    | Note
-------+----------+-------------------------------------------
     0 | D:1      | gelatine the Demonspawn Fire Elementalist began the quest
                  | for the Orb.
     0 | D:1      | Reached XP level 1. HP: 13/13 MP: 3/3
   225 | D:1      | Reached skill level 3 in Fire Magic
   273 | D:1      | Gained mutation: You have a small tail. [demonic ancestry]
   273 | D:1      | Reached XP level 2. HP: 4/19 MP: 1/5
  1140 | D:2      | Gained mutation: You are partially covered in rugged brown
                  | scales. (AC +1, +3% HP) [demonic ancestry]
  1140 | D:2      | Reached XP level 3. HP: 19/24 MP: 1/6
  1199 | D:2      | Noticed Terence
  1212 | D:2      | Killed Terence
  1427 | D:2      | Learned a level 2 spell: Scorch
  1431 | D:2      | Found a hazy altar of Hepliaklqana.
  1761 | D:2      | Gained mutation: You have a tail ending in a sharp stinger.
                  | [demonic ancestry]
  1761 | D:2      | Reached XP level 4. HP: 30/30 MP: 2/7
  2423 | D:3      | Noticed a scorpion
  2430 | D:3      | Killed a scorpion
  2431 | D:3      | Reached XP level 5. HP: 36/36 MP: 0/9
  2632 | D:3      | Reached skill level 4 in Fire Magic
  3154 | D:3      | Found a hazy altar of Hepliaklqana.
  3602 | D:4      | Found a glowing drain.
  3612 | Sewer    | Entered a sewer
  3690 | Sewer    | Reached XP level 6. HP: 43/43 MP: 6/10
  4418 | D:4      | Found a radiant altar of Vehumet.
  4424 | D:4      | Became a worshipper of Vehumet
  4475 | D:3      | Slain by a gnoll

Illustrated notes

Levels and vault maps discovered:
D:1:      spicycebolla_arrival_risky_transporter, layout_loops_ring
D:2:      layout_basic, basic_altar, minmay_gold_behind_fungi, uniq_terence
D:3:      layout_basic, marbit_many_paths
D:4:      layout_basic, nicolae_vehumet_altar_sigil, temple_hall,
          portal_sewer_entry_f, kennysheep_boxes

Skill      XL: |  1  2  3  4  5 |
---------------+----------------+-----
Fire Magic     | 3 4 |  4.4
Dodging        | 2 |  2.1
Stealth        | 2 |  2.5
Conjurations   | 2 3 |  3.4
Spellcasting   | 3 |  3.7
Fighting       | |  0.4
Short Blades   | |  0.3
Axes           | |  0.3

Action                   |  1- 3 |  4- 6 || total
-------------------------+-------+-------++-------
Melee: Short sword       |    17 |     9 ||    26
       Tailslap          |     2 |     5 ||     7
       Hand axe          |       |    26 ||    26
 Cast: Foxfire           |    77 |   116 ||   193
       Scorch            |       |    14 ||    14
  Use: Potion            |     1 |       ||     1
       Scroll            |       |     4 ||     4
Armor: Robe              |       |     7 ||     7
Dodge: Dodged            |    16 |    34 ||    50

Table legend: (Time is in decaauts)
 A = Elapsed time spent in this place.
 B = Non-inter-level travel time spent in this place.
 C = Inter-level travel time spent in this place.
 D = Time resting spent in this place.
 E = Time spent auto-exploring this place.
 F = Levels seen in this place.
 G = Mean time per level.
                   A        B        C        D        E       F      G
               +--------+--------+--------+--------+--------+-----+--------+
         Total |   4510 |   4296 |    214 |    141 |   3450 |   5 |  902.0 |
       Dungeon |   4230 |   4016 |    214 |    141 |   3233 |   4 | 1057.5 |
         Sewer |    279 |    279 |      0 |      0 |    216 |   1 |  279.0 |
               +--------+--------+--------+--------+--------+-----+--------+

Top non-repeatable levels by time:
     D:3: 1333 daAuts
     D:2: 1310 daAuts
     D:1: 876 daAuts
     D:4: 709 daAuts
   Sewer: 279 daAuts
